[Event "Early-Titled-Tuesday-Blitz-October-17-2023"]
[Site "Chess.com"]
[Date "2023.10.17"]
[Round "8"]
[White "GMKrikor"]
[Black "wadsy27"]
[Result "1-0"]
[WhiteElo "2823"]
[BlackElo "2658"]
[TimeControl "180+1"]
[EndTime "9:32:54 PDT"]
[Termination "GMKrikor won by checkmate"]

1. Nf3 d5 2. c4 c6 3. d4 Nf6 4. Nc3 a6 5. e3 b5 6. b3 Bg4 7.
Be2 e6 8. a4 b4 9. Na2 a5 10. Bb2 Be7 11. Nc1 O-O 12. Nd3 dxc4 13. bxc4 Nbd7 14. c5 Nd5 15. O-O Bxf3 16. Bxf3 e5 17.
dxe5 Nxc5 18. Nxc5 Bxc5 19. Rc1 Qb6 20. Qc2 Nxe3 21.
Qxc5 Qxc5 22. Rxc5 Nxf1 23. Kxf1 Rfd8 24. Ke2 Ra7 25.
Bc1 b3 26. Rc3 Rb7 27. Bb2 Rb4 28. Bxc6 Rc8 29. Kd3 Rd8+ 30. Ke3 Rc8 31. f4 h5 32.
g3 g6 33. Kd2 Rd8+ 34. Rd3 Rc8 35. Rc3 Rd8+ 36. Ke3 Rc8 37. h3 h4 38. gxh4 Rc7 39. Kd3 Rxf4 40. Bd5 Rd7 41. Rc5 Rxh4 42. Kc3 Rxh3+ 43. Kc4 Rh4+ 44. Kxb3 Rh5 45. Rb5 Rh3+ 46. Kc2 Rh4 47. Rxa5 Rxd5 48. Rxd5 Rxa4 49. Rd8+ Kh7 50. e6 Rc4+ 51. Kb3 fxe6 52. Rh8# 1-0

[Event "Early-Titled-Tuesday-Blitz-October-17-2023"]
[Site "Chess.com"]
[Date "2023.10.17"]
[Round "8"]
[White "WindWhistler11"]
[Black "HanSchut"]
[Result "0-1"]
[WhiteElo "2451"]
[BlackElo "2334"]
[TimeControl "180+1"]
[EndTime "9:32:57 PDT"]
[Termination "HanSchut won by resignation"]

1. Nf3 Nf6 2. d3 d5 3. Nbd2 c5 4. e4 Nc6 5. Be2 e5 6. O-O h6 7.
Re1 Be6 8. c3 Bd6 9. Qc2 Rc8 10.
exd5 Nxd5 11. Nc4 f6 12. Bf1 O-O 13. a4 b6 14. Nfd2 Qd7 15. Ne4 Bb8 16. a5 f5 17.
Ned2 b5 18. Na3 a6 19. Nb3 Bd6 20. Qd1 Nf6 21. Nd2 Nxa5 22. Nc2 Nb3 23. Rxa6 Ra8 24. Rxa8 Rxa8 25. d4 cxd4 26. cxd4 e4 27. Nb1 Qc7 28. g3 Nxc1 29. Qxc1 Rc8 30. Nc3 b4 31. Nb5 Qxc2 32. Qxc2 Rxc2 33. Nxd6 Rxb2 34. Ra1 Ra2 35. Rb1 b3 36.
Nc4 Ra4 37. Ne5 Rxd4 38. Nc6 Rd2 39. Na5 b2 40. Bc4 Bxc4 41. Nxc4 Rc2 42. Nxb2 e3 43.
fxe3 Ng4 44. Nd1 Nxh2 45. Rb8+ Kh7 46. Nf2 Nf3+ 47. Kg2 Ne1+ 48. Kf1 Nf3 49. Rb5 g6 50. Rb7+ Kg8 51. g4 Nd2+ 52. Ke2 Ne4+ 53. Kd3 Rxf2 54. Rb8+ Kg7 55. Rb7+ Kf6 56. gxf5 Kxf5 57. Rb6 Nf6 58. Rb5+ Kg4 59. Rb4+ Kg5 60. Rb5+ Rf5 61.
Rb2 h5 62. Rg2+ Ng4 0-1

[Event "Early-Titled-Tuesday-Blitz-October-17-2023"]
[Site "Chess.com"]
[Date "2023.10.17"]
[Round "8"]
[White "ChessSkool"]
[Black "ckgchess"]
[Result "1-0"]
[WhiteElo "2690"]
[BlackElo "2872"]
[TimeControl "180+1"]
[EndTime "9:32:59 PDT"]
[Termination "ChessSkool won on time"]

1. e4 e5 2. Nf3 Nf6 3. Nc3 Nc6 4. Bb5 Bb4 5. O-O O-O 6. d3 Bxc3 7. bxc3 d6 8. a4 h6 9. a5 a6 10. Bc4 Be6 11. Bxe6 fxe6 12. Re1 Rb8 13. c4 Kh7 14. Bd2 Qe8 15. Bc3 Qg6 16. g3 Nd7 17.
Nh4 Qf6 18. Rf1 g5 19. Ng2 Qg6 20. Ne3 Rf7 21. Rb1 Nc5 22. Kg2 Rbf8 23. Ra1 Rf3 24.
Qxf3 Rxf3 25. Kxf3 Nd4+ 26. Kg2 Qh5 27. f3 Ne2 28. Bd2 Qe8 29. c3 Nxd3 30. Rf2 Nxf2 31. Kxf2 Qh5 32. Ng4 Qh3 33. Kxe2 Qg2+ 34. Nf2 Qxh2 35.
g4 c6 36. Rh1 Qg2 37. Bxg5 Kg6 38. Bxh6 d5 39. cxd5 exd5 40. Be3 Kg7 41. Rb1 dxe4 42.
fxe4 Kf6 43. Rxb7 Qg1 44. Rb6 Qa1 45. Rxc6+ Kf7 46. Rxa6 Qa2+ 47. Kf3 Qc4 48. Ra7+ Kg6 49. Rb7 Qxc3 50. Rb6+ Kf7 51. a6 Qa1 52. a7 Qa3 53.
Rb8 1-0

[Event "Early-Titled-Tuesday-Blitz-October-17-2023"]
[Site "Chess.com"]
[Date "2023.10.17"]
[Round "8"]
[White "mfwagnerpeixoto"]
[Black "kingapolak"]
[Result "1-0"]
[WhiteElo "2322"]
[BlackElo "2145"]
[TimeControl "180+1"]
[EndTime "9:32:59 PDT"]
[Termination "mfwagnerpeixoto won on time"]

1. e4 c5 2. Nf3 Nc6 3. Bb5 g6 4. O-O Bg7 5. Re1 Nf6 6. e5 Nd5 7. Nc3 Nxc3 8. dxc3 O-O 9. Bf4 Qb6 10. a4 a6 11. Bc4 Na5 12. Bf1 Qd8 13. b4 cxb4 14.
cxb4 Nc6 15. c3 b6 16. Qd2 Bb7 17. Rad1 Nb8 18. Nd4 Qc8 19. Rc1 Nc6 20. Nb3 Qc7 21. Rcd1 Rad8 22. Qe3 e6 23. h4 h5 24. Nd4 Ne7 25.
Bg5 Nd5 26. Bxd8 Rxd8 27. Qg3 Ba8 28. Rc1 Qb7 29. b5 a5 30. Be2 Rc8 31. Bf3 Qc7 32. c4 Nb4 33. Bxa8 Rxa8 34. Rcd1 Qxc4 35. Qf3 Rf8 36. Ne2 Bxe5 37. Ng3 Bg7 38. Rxd7 Nc2 39. Rf1 Qxa4 40. Ne4 Nd4 41. Qe3 Nf5 42. Qf4 Qxb5 43. Rb7 a4 44. g4 hxg4 45. h5 gxh5 46. Qg5 Qe5 47. Re1 Qd4 48. Rxb6 1-0

[Event "Early-Titled-Tuesday-Blitz-October-17-2023"]
[Site "Chess.com"]
[Date "2023.10.17"]
[Round "8"]
[White "GaiozNigalidze"]
[Black "HajiyevKanan"]
[Result "0-1"]
[WhiteElo "2694"]
[BlackElo "2557"]
[TimeControl "180+1"]
[EndTime "9:33:00 PDT"]
[Termination "HajiyevKanan won by resignation"]

1. e4 c6 2. h4 d5 3. e5 c5 4. Bb5+ Bd7 5. Bxd7+ Qxd7 6. d4 cxd4 7. Nf3 Nc6 8. Bf4 Qg4 9. Bg3 Qe4+ 10. Kf1 e6 11. Nbd2 Qf5 12. Nb3 Nh6 13. Nbxd4 Nxd4 14. Nxd4 Qg4 15. Qd3 a6 16. h5 Bc5 17. Rh4 Qg5 18.
Nf3 Qe7 19. Rf4 Nf5 20. Bh2 h6 21. c3 O-O 22. Rd1 b5 23. g4 Nh4 24. Bg3 Nxf3 25. Qxf3 f6 26. exf6 Rxf6 27. Rxf6 Qxf6 28. Kg2 Rf8 29. Qxf6 gxf6 30. f4 Kf7 31. Kf3 Re8 32. Re1 a5 33. a3 b4 34. axb4 axb4 35. Rc1 bxc3 36. Rxc3 Bd6 37. Rc6 Ke7 38. Rb6 Rb8 39.
Rxb8 Bxb8 40. g5 hxg5 41. fxg5 e5 42. h6 Kf7 43. h7 Kg7 44. g6 f5 45. Bh4 e4+ 46. Ke2 Be5 47. b4 Kxg6 48. Bg3 Bd4 49. Bf2 Be5 50. h8=Q Bxh8 51. b5 Be5 52. b6 f4 53. b7 Bb8 54. Bd4 Kf5 55. Kd2 Kg4 56.
Ke2 Kg3 57. Bf2+ Kg2 58. Bd4 Kg3 59. Bf2+ Kg4 60. Bd4 Kf5 61. Kd2 Ke6 62. Kc3 Kd6 63. Kb4 Kc6 0-1

[Event "Early-Titled-Tuesday-Blitz-October-17-2023"]
[Site "Chess.com"]
[Date "2023.10.17"]
[Round "8"]
[White "SlavenPastar"]
[Black "ural58"]
[Result "1-0"]
[WhiteElo "2657"]
[BlackElo "2533"]
[TimeControl "180+1"]
[EndTime "9:33:00 PDT"]
[Termination "SlavenPastar won by resignation"]

1. b3 e5 2. Bb2 Nc6 3. Nf3 e4 4. Nd4 Qf6 5. e3 Bc5 6. Nb5 Qxb2 7. N1c3 Bb6 8. Rb1 Qxb1 9. Qxb1 a6 10. Na3 Nf6 11.
Nc4 Ba7 12. a4 d5 13. Na3 O-O 14. Be2 d4 15. Nd1 Bf5 16. O-O Rad8 17. d3 exd3 18. cxd3 dxe3 19. Nxe3 Bg6 20. Rd1 Nd4 21. Bf1 c5 22. Nac2 Ne6 23. Nc4 h6 24. Qc1 b5 25.
axb5 axb5 26. Ne5 Bh7 27. Nc6 Rd7 28. Nxa7 Rxa7 29. b4 Rc8 30. bxc5 Rxc5 31. Qb2 Rd7 32. g3 Bf5 33. Ne3 Bg6 34. d4 Rc8 35. d5 Ng5 36.
Qxb5 Be4 37. Bg2 Bxg2 38. Kxg2 Rcd8 39. h4 Nge4 40. Qb3 Nd6 41. Ra1 Rb7 42. Qd1 Rdb8 43. Ra6 Nfe8 44. Qa4 Rb4 45. Qc6 Rb2 46. Ra8 Rxa8 47.
Qxa8 g6 48. Nc4 Nxc4 49. Qxe8+ Kg7 50. d6 Rd2 51. d7 Ne3+ 52. Kf3 Nd1 53. d8=Q Rxf2+ 54.
Kg4 h5+ 55. Kh3 1-0

[Event "Early-Titled-Tuesday-Blitz-October-17-2023"]
[Site "Chess.com"]
[Date "2023.10.17"]
[Round "8"]
[White "Martial2008"]
[Black "ActorXu"]
[Result "0-1"]
[WhiteElo "2636"]
[BlackElo "2796"]
[TimeControl "180+1"]
[EndTime "9:33:03 PDT"]
[Termination "ActorXu won by resignation"]

1. d4 Nf6 2. Nf3 d5 3. Bf4 c5 4. e3 Nc6 5. Nbd2 Qb6 6. dxc5 Qxb2 7. Rb1 Qa3 8. Bb5 g6 9. O-O Bg7 10. Ne5 Qxc5 11. Bxc6+ bxc6 12. Nb3 Qc3 13. Nd4 Ba6 14.
Re1 Rc8 15. Rb3 Qc5 16. Qd2 Ne4 17. Qc1 O-O 18. Nd7 Qc4 19. Nxf8 Rxf8 20. Nf3 Bc3 21. Rd1 Qe2 22. Bg3 Bc4 23. Rxc3 Nxc3 24. Rd2 Bb5 25.
a4 Ba6 26. Qa1 Qc4 27. Ne5 Ne2+ 28. Kh1 Nxg3+ 29. hxg3 Qc5 30. Nd7 Qa5 31. Nxf8 Qxd2 32. Nd7 Qxc2 33. Qe5 Qd1+ 34. Kh2 Qh5+ 35. Qxh5 gxh5 36.
Kh3 Bd3 37. Kh4 f6 38. Kxh5 Kf7 39. Nc5 Bf1 40. Kg4 Bxg2 41. Kf5 e6+ 42. Kf4 e5+ 43.
Kg4 Kg6 44. f4 f5+ 45. Kh4 d4 46. exd4 exd4 47. g4 fxg4 48. Kxg4 h5+ 49. Kg3 Bd5 50.
Nd3 Kf5 51. Nc5 Bc4 52. Kf3 h4 53. Ne4 Bd5 0-1

[Event "Early-Titled-Tuesday-Blitz-October-17-2023"]
[Site "Chess.com"]
[Date "2023.10.17"]
[Round "8"]
[White "suyu28"]
[Black "WPWPWP-2015"]
[Result "1/2-1/2"]
[WhiteElo "2736"]
[BlackElo "2579"]
[TimeControl "180+1"]
[EndTime "9:33:03 PDT"]
[Termination "Game drawn by repetition"]

1. e4 e5 2. Nf3 Nf6 3. Nxe5 d6 4. Nd3 Nxe4 5. Nf4 Nf6 6. d4 d5 7. Bd3 Bd6 8. O-O O-O 9. Qf3 c6 10. h3 Re8 11. Nc3 Nbd7 12. Bd2 Nf8 13. Rae1 Ne6 14.
Nxe6 Bxe6 15. Bg5 Be7 16. Ne2 h6 17. Bc1 Bd6 18. Nf4 Bd7 19. c3 Qc7 20. Nh5 Nxh5 21. Qxh5 Rxe1 22. Rxe1 Re8 23. Rxe8+ Bxe8 24. Qf5 g6 25.
Qg4 h5 26. Qe2 Qe7 27. Be3 Bd7 28. Qf3 Kg7 29. Kf1 a5 30. Bf4 Be6 31. Bc1 a4 32.
Qe3 Qf6 33. Ke2 Bf5 34. Kf1 Bxd3+ 35. Qxd3 Qe6 36. Be3 b5 37. Bd2 f5 38. f3 Bg3 39. Qe2 Kf7 40. Qxe6+ Kxe6 41. Ke2 Bh4 42. Kd3 Bg3 43. b3 axb3 44. axb3 Bd6 45. c4 bxc4+ 46. bxc4 Be7 47. Be1 Bf6 48. Bb4 Bg7 49. Bd2 Bf8 50. Bc3 Bd6 51. Bd2 Bg3 52. Bc3 Bf4 53.
Be1 Bg5 54. Bg3 Bf6 55. Bf4 Bd8 56. Be3 Bc7 57. Bd2 Bb8 58. Bg5 Bd6 59. Bh4 Bb4 60. Bg5 Ba3 61. Bh4 Bb4 62. Bg5 Be1 63. Bf4 Bf2 64. Bg5 Kd7 65. Bf6 Kd6 66. Be5+ Ke6 67.
Bf4 Bh4 68. Be3 Bf6 69. Bf4 Be7 70. Be3 Bd6 71. Bd2 1/2-1/2

[Event "Early-Titled-Tuesday-Blitz-October-17-2023"]
[Site "Chess.com"]
[Date "2023.10.17"]
[Round "8"]
[White "LeoLV10"]
[Black "Cambek64"]
[Result "1/2-1/2"]
[WhiteElo "2585"]
[BlackElo "2438"]
[TimeControl "180+1"]
[EndTime "9:33:04 PDT"]
[Termination "Game drawn by repetition"]

1. e4 e6 2. d4 d5 3. exd5 exd5 4. Bd3 Bd6 5. Nf3 Nf6 6. Qe2+ Qe7 7. Qxe7+ Kxe7 8.
O-O Re8 9. Nc3 c6 10. Bg5 Nd7 11. Rae1+ Kf8 12. Rxe8+ Kxe8 13. Re1+ Kf8 14. Ne5 h6 15. Bh4 Ne8 16. f4 f6 17. Ng6+ Kf7 18. Nh8+ Kf8 19. Be2 g5 20. fxg5 hxg5 21. Bf2 Nc7 22. Bd3 Kg7 23.
Ng6 Nf8 24. Ne7 Kf7 25. Nf5 Bxf5 26. Bxf5 Nce6 27. Ne2 Re8 28. c3 b5 29. g3 a5 30. Kf1 a4 31. Nc1 Ng7 32. Bc2 Rxe1+ 33.
Kxe1 g4 34. Bd1 f5 35. Nd3 Nd7 36. a3 Ne6 37. Be3 Kg6 38. Bc2 Ng5 39. Kf2 Ne4+ 40. Kg2 Kf6 41. Nf4 Bxf4 42. Bxf4 Nf8 43. h4 gxh3+ 44.
Kxh3 Ne6 45. Kg2 Nxf4+ 46. gxf4 Nd2 47. Bd3 Nc4 48. Bxc4 bxc4 49. Kf3 Kg6 50. Kg3 Kh5 51. Kh3 Kg6 52. Kh4 Kh6 53. Kh3 Kg6 54. Kg3 Kh6 55.
Kg2 Kh5 56. Kh3 Kg6 1/2-1/2

[Event "Early-Titled-Tuesday-Blitz-October-17-2023"]
[Site "Chess.com"]
[Date "2023.10.17"]
[Round "8"]
[White "WiktoriaPOL"]
[Black "DonCiao"]
[Result "1-0"]
[WhiteElo "2291"]
[BlackElo "2100"]
[TimeControl "180+1"]
[EndTime "9:33:04 PDT"]
[Termination "WiktoriaPOL won on time"]

1. c4 Nf6 2. Nc3 g6 3. g3 Bg7 4.
Bg2 O-O 5. e4 d6 6. Nge2 c5 7. O-O Nc6 8. d3 a6 9. h3 Bd7 10. Be3 Rb8 11. a4 Ne8 12. d4 cxd4 13.
Nxd4 Qc8 14. Nd5 Qd8 15. Qd2 e6 16. Nc3 Ne5 17. b3 Qa5 18. f4 Nc6 19. Rad1 Nxd4 20. Bxd4 e5 21. fxe5 dxe5 22. Be3 Bc6 23. Nd5 Qxd2 24.
Rxd2 Bxd5 25. cxd5 Nd6 26. Bc5 Rfd8 27. Rc2 Rbc8 28. Rff2 b6 29. Bxb6 Rxc2 30. Rxc2 Rb8 31. Bc7 Rc8 32. Rc6 Ne8 33. Ba5 Rb8 34. b4 Bf8 35. Rxa6 Nd6 36. Bc7 Rxb4 37. Bxd6 Rb1+ 38. Kh2 Bxd6 39. Rxd6 Ra1 40. Rd8+ Kg7 41. Ra8 Rd1 42.
a5 f6 43. Ra7+ Kh6 44. a6 Ra1 45. d6 Rd1 46. d7 Rd6 47. Rb7 Rxa6 48. d8=Q Ra2 49.
Qf8+ Kg5 50. h4+ Kg4 51. Qc8+ f5 52. exf5 Rxg2+ 53. Kxg2 e4 54. fxg6+ Kh5 55. Rb5+ 1-0

[Event "Early-Titled-Tuesday-Blitz-October-17-2023"]
[Site "Chess.com"]
[Date "2023.10.17"]
[Round "8"]
[White "ChessPromotionAlex"]
[Black "Grossboss19"]
[Result "1/2-1/2"]
[WhiteElo "2595"]
[BlackElo "2497"]
[TimeControl "180+1"]
[EndTime "9:33:05 PDT"]
[Termination "Game drawn - insufficient material"]

1. e4 e6 2. d4 d5 3. Nc3 dxe4 4. Nxe4 Nf6 5. Nxf6+ gxf6 6. Nf3 Nd7 7. g3 b6 8. Bg2 Bb7 9. O-O Bd6 10. Re1 Qe7 11. Nh4 Bxg2 12. Kxg2 O-O-O 13. a4 Nb8 14. a5 Qd7 15.
axb6 axb6 16. Be3 Qc6+ 17. Kg1 f5 18. Ng2 Be7 19. Qe2 Bf6 20. Red1 Rd7 21. Nf4 Rhd8 22. c3 e5 23. dxe5 Rxd1+ 24. Rxd1 Rxd1+ 25. Qxd1 Bxe5 26. Qh5 Bxf4 27. Qxf5+ Qd7 28. Qxd7+ Kxd7 29. Bxf4 Na6 30. Kf1 Nc5 31. Ke2 Na4 32. Bc1 Ke6 33. Kd3 b5 34. f3 Nc5+ 35. Kc2 Kd5 36. Be3 Nd7 37.
Bd4 c5 38. Bg7 f6 39. b3 Ke6 40. Kd2 Ne5 41. Ke3 Nf7 42. Bf8 c4 43. bxc4 bxc4 44. Kd4 Ne5 45. f4 Nf3+ 46. Kxc4 Nxh2 47. Bc5 f5 48. Bg1 Nf1 49. Bf2 Nd2+ 50. Kd3 Ne4 51.
Be1 Kd5 52. c4+ Kd6 53. Kd4 h6 54. g4 Nf6 55. Bb4+ Ke6 56. g5 hxg5 57. fxg5 Ne4 58. g6 Kf6 59. Ba3 Kxg6 60. Bc1 Kf7 61. Kd5 Kg6 62.
Ke5 Kf7 63. Be3 Ke8 64. Bf4 Kd7 65. Kxf5 Nc5 66. Ke5 Kc6 67. Kd4 Ne6+ 68. Ke5 Nxf4 69. Kxf4 Kc5 70. Ke4 Kxc4 1/2-1/2

[Event "Early-Titled-Tuesday-Blitz-October-17-2023"]
[Site "Chess.com"]
[Date "2023.10.17"]
[Round "8"]
[White "jraosam"]
[Black "vladgoncharov"]
[Result "1/2-1/2"]
[WhiteElo "2122"]
[BlackElo "2558"]
[TimeControl "180+1"]
[EndTime "9:33:05 PDT"]
[Termination "Game drawn - insufficient material"]

1. d4 Nf6 2. c4 e6 3. Nf3 Bb4+ 4.
Bd2 a5 5. g3 b6 6. Bg2 Bb7 7. O-O O-O 8. a3 Be7 9. Nc3 d6 10. Qc2 Nbd7 11. b4 Qc8 12. e4 c5 13.
bxc5 bxc5 14. e5 dxe5 15. dxe5 Ng4 16. Bf4 Ra6 17. Rfe1 Qa8 18. Ne4 f5 19. exf6 Ngxf6 20. Nfg5 e5 21. Nxf6+ Nxf6 22. Bxb7 Qxb7 23. Bxe5 g6 24. Rab1 Qc8 25. Rb8 Qf5 26. Qxf5 gxf5 27. Rxf8+ Bxf8 28. Bxf6 Rxf6 29. Re6 Rxe6 30. Nxe6 Bd6 31.
f4 Kf7 32. Ng5+ Kg6 33. Kg2 h6 34. Ne6 Kf6 35. Nd8 Bc7 36. Nc6 Ke6 37. Na7 Bd8 38.
Nb5 Bf6 39. Kf3 Bb2 40. a4 Kf6 41. h3 h5 42. Nc7 Ke7 43. Nd5+ Ke6 44. g4 fxg4+ 45.
hxg4 hxg4+ 46. Kxg4 Bd4 47. Kg5 Bb2 48. Kg6 Bh8 49. f5+ Ke5 50. f6 Bxf6 51. Nxf6 Kd4 52. Nd7 Kxc4 53. Nb6+ Kb3 54. Kf5 c4 55. Ke4 c3 56. Kd3 c2 57. Kd2 Kb2 58. Nc4+ Kb3 59. Nb6 Kb2 60. Nc4+ Kb3 61. Nxa5+ Kxa4 62. Kxc2 1/2-1/2

[Event "Early-Titled-Tuesday-Blitz-October-17-2023"]
[Site "Chess.com"]
[Date "2023.10.17"]
[Round "8"]
[White "wanyaland"]
[Black "pankajfm"]
[Result "1-0"]
[WhiteElo "2423"]
[BlackElo "2145"]
[TimeControl "180+1"]
[EndTime "9:33:05 PDT"]
[Termination "wanyaland won by resignation"]

1. d4 Nf6 2. c4 g6 3. Nc3 Bg7 4. e4 d6 5. f3 O-O 6. Nge2 c5 7. Be3 Nc6 8. Qd2 e6 9. O-O-O Qa5 10. Kb1 a6 11. dxc5 dxc5 12. Nc1 Rd8 13. Qe1 Rxd1 14. Qxd1 Nd7 15. Nb3 Qb6 16. Na4 Qb4 17. Naxc5 Nxc5 18. Bxc5 Qa4 19. Be2 b5 20. Qc2 Bb7 21. Rd1 Rc8 22.
Rd7 Ba8 23. Qd3 bxc4 24. Qxc4 Qxc4 25. Bxc4 Ne5 26. Bxa6 Rb8 27. Ra7 Nc6 28. Rxa8 Rxa8 29. Bb7 Rb8 30. Bxc6 Rc8 31. Bb5 Be5 32. h3 Bg3 33. a4 f5 34. Bd7 Rd8 35. Bxe6+ Kg7 36. Bd4+ Kh6 37. exf5 gxf5 38. Bxf5 Rb8 39. Ka2 Rb4 40. a5 Bc7 41. Bc3 Ra4+ 42. Kb1 Kg5 43. g4 h6 44. Bd7 Rc4 45. Bb5 Rf4 46. Bd2 1-0

[Event "Early-Titled-Tuesday-Blitz-October-17-2023"]
[Site "Chess.com"]
[Date "2023.10.17"]
[Round "8"]
[White "Sadykov_Ramil"]
[Black "RobertoJBM"]
[Result "1-0"]
[WhiteElo "2628"]
[BlackElo "2778"]
[TimeControl "180+1"]
[EndTime "9:33:11 PDT"]
[Termination "Sadykov_Ramil won by resignation"]

1. e4 c6 2. Nf3 d5 3. Nc3 dxe4 4. Nxe4 Bg4 5. h3 Bxf3 6. Qxf3 Nd7 7. d4 Ndf6 8. c3 Nxe4 9. Qxe4 Nf6 10. Qf3 Qd5 11.
Be2 e6 12. O-O Be7 13. Qd3 O-O 14. Bf3 Qd7 15. Qe2 Rfd8 16. a4 a5 17. g3 Nd5 18.
h4 Bf6 19. Kg2 b5 20. axb5 cxb5 21. Bd2 a4 22. Be4 Rdc8 23. Bd3 Rab8 24. Bg5 g6 25. Qf3 Bxg5 26. hxg5 b4 27. Rh1 bxc3 28. bxc3 Nxc3 29. Rxh7 Qb7 30. Qxb7 Rxb7 31. Rah1 Kf8 32. Rh8+ Ke7 33.
Rxc8 Nd5 34. Ra8 Rb4 35. Be4 Nc3 36. Bf3 Kd6 37. Ra1 Rb3 38. R1xa4 Nxa4 39. Rxa4 Ke7 40. Be4 Rb2 41. Ra7+ Kf8 42. d5 Rb4 43. Kf3 Rb6 44.
Kf4 Rd6 45. Ke5 Rb6 46. d6 Ke8 47. Kf6 Rxd6 48. Ra8+ Kd7 49. Kxf7 e5 50. Bxg6 Rd2 51. f4 Rf2 52. Ra4 Kd6 53. Bf5 Rf3 54. g6 Rxg3 55. g7 exf4 56. g8=Q Ke5 57. Bg6 f3 58. Qg7+ Kd5 59.
Ra5+ Kc4 60. Qe5 1-0

[Event "Early-Titled-Tuesday-Blitz-October-17-2023"]
[Site "Chess.com"]
[Date "2023.10.17"]
[Round "8"]
[White "Mourinho_Jose"]
[Black "wqws"]
[Result "0-1"]
[WhiteElo "2514"]
[BlackElo "2638"]
[TimeControl "180+1"]
[EndTime "9:33:11 PDT"]
[Termination "wqws won by checkmate"]

1. Nf3 Nf6 2. g3 g6 3. Bg2 Bg7 4. O-O O-O 5. c4 c6 6. d4 d6 7. Nc3 Na6 8. e4 Bg4 9. h3 Be6 10. b3 Nc7 11. Be3 a6 12. Rc1 b5 13. e5 Nfe8 14. Ng5 Bd7 15. cxb5 axb5 16. exd6 Nxd6 17. a4 bxa4 18. Nxa4 Nd5 19. Ne4 Nxe4 20. Bxe4 Bxh3 21. Re1 Nxe3 22. fxe3 Qd6 23. Qf3 Rac8 24. Rxc6 Rxc6 25.
Bxc6 h5 26. Nc5 Bg4 27. Qg2 Rc8 28. Bf3 Bxd4 29. Ne4 Qb4 30. Re2 Rc1+ 31. Kh2 Be5 32. Bxg4 hxg4 33. Nf2 Kg7 34. Nd3 Qc3 35. Nxc1 Qxc1 36.
Qe4 Qc7 37. Kg2 f5 38. Qc4 Qd6 39. e4 f4 40. gxf4 Bxf4 41. Qd5 Qf6 42. Rf2 g3 43. Rf3 Qh4 44. Rxf4 Qxf4 45. Qd4+ Kh6 46. b4 Kg5 47. Qd5+ Kh4 48. Qd4 e6 49. Qh8+ Kg4 50. Qd8 Qxe4+ 51. Kf1 g2+ 52. Kf2 Qf3+ 53. Kg1 Qf1+ 54.
Kh2 g1=Q# 0-1

[Event "Early-Titled-Tuesday-Blitz-October-17-2023"]
[Site "Chess.com"]
[Date "2023.10.17"]
[Round "8"]
[White "BardArtem"]
[Black "Mesa_1"]
[Result "0-1"]
[WhiteElo "2751"]
[BlackElo "2604"]
[TimeControl "180+1"]
[EndTime "9:33:13 PDT"]
[Termination "Mesa_1 won on time"]

1. e4 e6 2. d4 d5 3. Nc3 Bb4 4. Ne2 dxe4 5. a3 Bxc3+ 6. Nxc3 Nc6 7. Bf4 Nf6 8. Bb5 Bd7 9. d5 exd5 10. Nxd5 Nxd5 11.
Qxd5 O-O 12. O-O-O Qf6 13. Bg5 Qg6 14. h4 Be6 15. h5 Qf5 16. Qxf5 Bxf5 17. h6 gxh6 18.
Rxh6 Bg6 19. Bf6 Rfe8 20. Rdh1 Re6 21. Bc3 Ne5 22. Be2 Rae8 23. f4 exf3 24. gxf3 Ng4 25. fxg4 Rxe2 26. Bd2 Rd8 27. Rd1 f6 28. Rhh1 Kf7 29.
Rhg1 Rd4 30. Rg3 c5 31. Rc3 b6 32. b4 c4 33. Be3 Rxd1+ 34. Kxd1 Rg2 35. Rxc4 f5 36. gxf5 Bxf5 37. Rc7+ Ke6 38. c4 h5 39.
Rxa7 h4 40. Bxb6 h3 41. Bc7 Rg7 42. Ra6+ Kd7 43. Be5 Rg1+ 44. Kd2 Rg2+ 45. Kc3 Re2 46. Kd4 h2 47. Rh6 Re4+ 48. Kd5 Re2 49. Rxh2 Be6+ 50. Kc5 Rxe5+ 51. Kd4 Rg5 52. b5 Rg4+ 53. Ke5 Bxc4 54.
a4 Kc7 55. Rh6 Kb7 0-1

[Event "Early-Titled-Tuesday-Blitz-October-17-2023"]
[Site "Chess.com"]
[Date "2023.10.17"]
[Round "8"]
[White "Ermito2020"]
[Black "sokidze"]
[Result "0-1"]
[WhiteElo "2612"]
[BlackElo "2794"]
[TimeControl "180+1"]
[EndTime "9:33:14 PDT"]
[Termination "sokidze won by resignation"]

1. e4 c5 2. Nf3 Nc6 3. Bb5 g6 4.
Bxc6 dxc6 5. d3 Bg7 6. h3 Nf6 7. Nc3 Nd7 8. Be3 e5 9. Qd2 h6 10. O-O b6 11. Nh2 Nf8 12. f4 exf4 13. Bxf4 Ne6 14.
Bg3 Qg5 15. Qxg5 hxg5 16. Nf3 g4 17. hxg4 Nd4 18. Nxd4 cxd4 19. Nd1 Bxg4 20. Nf2 Be6 21. Bf4 O-O-O 22. g3 Rh5 23. Kg2 Rdh8 24. Rh1 Rxh1 25. Nxh1 f6 26. Nf2 g5 27. Bd2 Bf8 28. b3 Bd6 29.
Rh1 Rxh1 30. Kxh1 Bxg3 31. Nd1 Bg4 32. Nb2 Bf3+ 33. Kg1 Kd7 34. c3 Be5 35. Nc4 Be2 36.
Nxe5+ fxe5 37. cxd4 exd4 38. Kf2 Bxd3 39. Kf3 g4+ 40.
Kxg4 Bxe4 41. Kf4 Bb1 42. a3 Ke6 43. Be1 c5 44. Kf3 Bc2 45. Bg3 Bxb3 46. Bb8 Kd5 47. Bxa7 b5 48. Ke2 c4 49. Kd2 c3+ 50. Kd3 Bc4+ 51.
Kc2 Be2 52. Kb3 Bd1+ 53. Ka2 Kc4 54. Kb1 d3 55. Kc1 Bb3 56. Be3 d2+ 57. Bxd2 cxd2+ 58. Kxd2 Ba4 59. Kc1 Kb3 0-1

[Event "Early-Titled-Tuesday-Blitz-October-17-2023"]
[Site "Chess.com"]
[Date "2023.10.17"]
[Round "8"]
[White "Ishowmoves57"]
[Black "C_K_G"]
[Result "1-0"]
[WhiteElo "2220"]
[BlackElo "1890"]
[TimeControl "180+1"]
[EndTime "9:33:18 PDT"]
[Termination "Ishowmoves57 won by resignation"]

1. e4 c5 2. Nf3 d6 3. Bb5+ Bd7 4. Bxd7+ Qxd7 5. c4 e6 6. O-O Nf6 7. Nc3 Nc6 8. d4 cxd4 9. Nxd4 Nxd4 10. Qxd4 Be7 11. f3 a6 12. Be3 O-O 13. Rfd1 Rac8 14. b3 Qc7 15. a4 Nd7 16. Qd2 Rfd8 17. Qf2 Bf6 18. Rdc1 Qc6 19. Rab1 Bxc3 20. Rxc3 b5 21. axb5 axb5 22. Rbc1 bxc4 23. Rxc4 Qb7 24. Rxc8 Rxc8 25. Rxc8+ Qxc8 26. b4 h6 27. b5 Qc4 28. Qb2 Qd3 29.
Kf2 Ne5 30. b6 Qd1 31. b7 Nd3+ 32. Kg3 Nxb2 33. b8=Q+ Kh7 34. Qxb2 Qe1+ 35. Qf2 Qa5 36. Qd2 Qe5+ 37. Bf4 Qa1 38. Bxd6 h5 39. Kf2 h4 40.
Bc5 Qh1 41. h3 Qh2 42. Qg5 f6 43. Qxh4+ Kg8 44. Qg4 Qe5 45. Be3 f5 46. exf5 exf5 47. Qf4 Qf6 48. Qg5 Qe5 49. Qd8+ Kh7 50. Qh4+ Kg8 51.
Qd4 Qe6 52. Bd2 Qg6 53. Bc3 Kh7 54. Qxg7+ Qxg7 55. Bxg7 Kxg7 56. Ke3 Kf6 57. Kf4 Kg6 58. h4 Kf6 59. g4 fxg4 60. fxg4 Kg6 61. Ke5 Kh6 62. Ke6 Kg6 63. Ke5 Kh6 64. Kf6 Kh7 65.
Kf7 Kh6 66. g5+ Kh7 67. g6+ Kh6 68. g7 Kh5 69. g8=Q 1-0

[Event "Early-Titled-Tuesday-Blitz-October-17-2023"]
[Site "Chess.com"]
[Date "2023.10.17"]
[Round "8"]
[White "Beca95"]
[Black "scarabee43"]
[Result "1-0"]
[WhiteElo "2921"]
[BlackElo "2797"]
[TimeControl "180+1"]
[EndTime "9:33:19 PDT"]
[Termination "Beca95 won by resignation"]

1. d4 Nf6 2. c4 e6 3. Nc3 d5 4. Bg5 Be7 5. e3 O-O 6. Nf3 h6 7. Bxf6 Bxf6 8. h4 c5 9. g4 cxd4 10. exd4 dxc4 11. g5 hxg5 12. hxg5 Bxg5 13. Qc2 f5 14.
Bxc4 Nc6 15. d5 Na5 16. Bb3 Nxb3 17. Qxb3 Bh6 18. Rxh6 gxh6 19. O-O-O Qb6 20. Qc2 exd5 21. Nxd5 Qd6 22. Kb1 Be6 23. Nf6+ Rxf6 24. Rxd6 Bxa2+ 25. Kxa2 Rxd6 26. Qxf5 Rf8 27. Qg4+ Kh7 28. Qe4+ Kg8 29. Qxb7 Rdf6 30. Ne5 Rxf2 31. Qd5+ Kg7 32. Qd7+ Kg8 33. Qg4+ Kh7 34. Qg6+ Kh8 35. Qxh6+ Kg8 36. Qg5+ Kh7 37. Qh5+ Kg7 38. Qg5+ Kh7 39. Qe7+ Kg8 40. Qxa7 Rg2 41. Qb7 Rff2 42. Qd5+ Kg7 43. Nc4 Kh7 44. Ka3 Rg3+ 45.
Ka4 Rgf3 46. b3 Ra2+ 47. Kb4 Rf8 48. Qb7+ Kg8 49. Ne5 Raa8 50. Qd5+ Kg7 51. Nc6 Rae8 52. Kc5 Kg6 53. Qg2+ Kh6 54. b4 Rf5+ 55. Kb6 Rg5 56. Qh1+ Rh5 57. Qc1+ Kh7 58. b5 Rg8 59. Qc2+ Kh6 60.
Ka6 Ra8+ 61. Kb7 Rg8 62. b6 Rhg5 63. Ka6 Ra8+ 64. Kb7 Rag8 65. Qh2+ Rh5 66. Qd6+ Kh7 67. Ne7 Rg7 68. Ka7 Ra5+ 69. Kb8 Rh5 70. Qd3+ Kh8 71.
Qd8+ Kh7 72. b7 Re5 73. Qd3+ Kh6 74. Qd6+ Kh7 75. Qxe5 1-0